 Dungeon Crawl Stone Soup version 0.21.0 (webtiles) character file.

286 Blackhawk the Cudgeler (level 6, 0/56 HPs)
             Began as a Minotaur Berserker on May 24, 2018.
             Was a Believer of Trog.
             Slain by ElderStonelord's ghost (12 damage)
             ... on level 3 of the Dungeon on May 28, 2018.
             The game lasted 00:05:31 (2319 turns).

Blackhawk the Cudgeler (Minotaur Berserker)         Turns: 2319, Time: 00:05:32

Health: 0/56       AC:  2    Str: 23    XL:     6   Next: 8%
Magic:  5/5        EV: 12    Int:  4    God:    Trog [**....]
Gold:   110        SH:  0    Dex: 10    Spells: 5/5 levels left

rFire    . . .     SeeInvis .   a - +0 mace
rCold    . . .     Gourm    .   (no shield)
rNeg     . . .     Faith    .   b - +0 animal skin
rPois    .         Spirit   .   (helmet restricted)
rElec    .         Reflect  .   (no cloak)
rCorr    .         Harm     .   (no gloves)
MR       .....                  (no boots)
Stlth    +.........             (no amulet)
HPRegen  0.18/turn              (no ring)
MPRegen  0.09/turn              (no ring)

@: berserk cooldown, slowed, very slow
A: retaliatory headbutt, horns 2
a: Berserk, Trog's Hand, Burn Spellbooks, Renounce Religion


You were on level 3 of the Dungeon.
You worshipped Trog.
Trog was pleased with you.
You were not hungry.

You visited 1 branch of the dungeon, and saw 3 of its levels.

You collected 110 gold pieces.

Inventory:

Hand Weapons
 a - a +0 mace (weapon)
Armour
 b - a +0 animal skin (worn)
 h - a +0 scale mail
 i - a cursed +0 ring mail
Jewellery
 g - an uncursed amulet of harm {unknown}
 n - an uncursed ring of see invisible {unknown}
 o - a cursed ring of wizardry {unknown}
Scrolls
 f - a scroll of identify {unknown}
 k - a scroll of random uselessness {unknown}
 l - a scroll of amnesia {unknown}
Potions
 d - 2 potions of curing {unknown}
 e - a potion of lignification {unknown}
 j - 3 potions of degeneration {unknown}
Comestibles
 c - 5 rations
 m - 2 chunks of flesh


   Skills:
 + Level 5.2 Fighting
 + Level 6.9 Maces & Flails
 + Level 2.7 Armour
 - Level 2.2 Dodging
 + Level 1.1 Stealth


You had 5 spell levels left.
You didn't know any spells.

Dungeon Overview and Level Annotations

Branches:
Dungeon (3/15)

Altars:
Okawaru
Trog
Yredelemnul

Annotations:
D:3 ElderStonelord's ghost, amateur GrFi


Innate Abilities, Weirdness & Mutations

You reflexively headbutt those who attack you in melee.
You have a pair of horns on your head.


Message History

You see here 2 chunks of flesh.
Things that are here:
a scythe; a robe There isn't anything to butcher here.
You see here 2 chunks of flesh.
m - 2 chunks of flesh ElderStonelord's ghost turns its malevolent gaze towards you.
Things that are here:
a scythe; a robe A rat comes into view.
ElderStonelord's ghost hits you!
You sock ElderStonelord's ghost!
You headbutt ElderStonelord's ghost, but do no damage.
ElderStonelord's ghost is moderately damaged.
ElderStonelord's ghost hits you! x2
* * * LOW HITPOINT WARNING * * *
ElderStonelord's ghost closely misses you.
There is a stone staircase leading up, spattered with blood here.
ElderStonelord's ghost hits you!
You die...

###########
#........[#
#.........#
#.........#
#.........#
#..)?.....#
#.....W@..#
#..>...รท..#
...##...)r....#
#.......)....#####
###....#####<....#
###..# #####.#
..... ......
#........


You could see ElderStonelord's ghost and a rat.

Vanquished Creatures
  Sigmund (D:3)
  4 gnolls (D:2)
  3 adders (D:2)
  An ooze (D:1)
  2 worms
  4 dart slugs
  3 leopard geckos
  2 ball pythons
  8 bats
  6 goblins
  6 hobgoblins
  A quokka (D:3)
  2 frilled lizards
  7 kobolds
  7 rats
  A spectral orc (D:2)
58 creatures vanquished.

Notes
Turn   | Place    | Note
-------+----------+-------------------------------------------
     0 | D:1      | Blackhawk the Minotaur Berserker began the quest for the Orb.
     0 | D:1      | Reached XP level 1. HP: 19/19 MP: 0/0
   124 | D:1      | Reached skill level 4 in Maces & Flails
   124 | D:1      | Reached XP level 2. HP: 19/27 MP: 1/1
   662 | D:1      | Reached XP level 3. HP: 28/33 MP: 2/2
   794 | D:1      | Reached ** piety under Trog
  1093 | D:2      | Found an iron altar of Okawaru.
  1371 | D:2      | Reached skill level 5 in Maces & Flails
  1375 | D:2      | Reached XP level 4. HP: 35/41 MP: 3/3
  1716 | D:2      | Found a bloodstained altar of Trog.
  1917 | D:2      | Found a basalt altar of Yredelemnul.
  1983 | D:3      | Noticed Sigmund
  2297 | D:3      | Killed Sigmund
  2297 | D:3      | Reached skill level 5 in Fighting
  2297 | D:3      | Reached skill level 6 in Maces & Flails
  2297 | D:3      | Reached skill level 1 in Stealth
  2297 | D:3      | Reached XP level 5. HP: 48/48 MP: 4/4
  2297 | D:3      | Reached XP level 6. HP: 56/56 MP: 5/5
  2308 | D:3      | Noticed ElderStonelord's ghost (amateur GrFi)
  2319 | D:3      | Slain by ElderStonelord's ghost

Skill      XL: |  1  2  3  4 |
---------------+-------------+-----
Fighting       | 4 5 |  5.2
Maces & Flails | 4 5 6 |  6.9
Stealth        | 1 |  1.1
Armour         | |  2.7
Dodging        | |  2.2

Action                   |  1- 3 |  4- 6 || total
-------------------------+-------+-------++-------
Melee: Mace              |    69 |    37 ||   106
       Headbutt          |     8 |    10 ||    18
Invok: Berserk           |       |     2 ||     2
 Stab: Sleeping          |     1 |       ||     1
  Eat: Chunk             |     1 |     3 ||     4
       Ration            |       |     1 ||     1
Armor: Animal skin       |    10 |       ||    10
Dodge: Dodged            |    44 |    21 ||    65
